 Dungeon Crawl Stone Soup version 0.18.1-48-g4cf74bf (webtiles) character file.

1235 GFox the Ducker (level 8, -14/70 HPs)
             Began as a Minotaur Monk on July 11, 2016.
             Was a Priest of Makhleb.
             Demolished by tape's ghost (37 damage)
             ... on level 6 of the Dungeon.
             The game lasted 00:45:40 (6431 turns).

GFox the Ducker (Minotaur Monk)                     Turns: 6431, Time: 00:45:41

Health: -14/70     AC:  5    Str: 18    XL:     8   Next: 24%
Magic:  16/16      EV: 11    Int:  7    God:    Makhleb [***...]
Gold:   226        SH: 14    Dex: 13    Spells: 0 memorised, 7 levels left

rFire  + . .     SeeInvis .     G - +12 trident of the Extremes {vamp, rF+}
rCold  . . .     Gourm    +     p - +0 leather armour (curse)
rNeg   . . .     Faith    .     q - +0 large shield
rPois  .         Spirit   .     (helmet restricted)
rElec  .         Dismiss  .     z - +0 cloak
rCorr  .         Reflect  .     u - +0 pair of gloves
SustAt .         Harm     .     (no boots)
MR     .....                    c - amulet of the gourmand
Stlth  ++........               (no ring)
                                s - ring of magical power

@: not resistant to hostile enchantments, unstealthy
A: retaliatory headbutt, horns 2, blurry vision 1
a: Minor Destruction, Lesser Servant of Makhleb, Renounce Religion


You were on level 6 of the Dungeon.
You worshipped Makhleb.
Makhleb was most pleased with you.
You were very full.

You visited 1 branch of the dungeon, and saw 6 of its levels.

You collected 226 gold pieces.

Inventory:

Hand Weapons
 G - the +12 trident of the Extremes (weapon) {vamp, rF+}
   (You found it on level 5 of the Dungeon)

   It inflicts no extra harm, but heals its wielder somewhat when it strikes a
   living foe.
   It protects you from fire.
Missiles
 n - 4 steel tomahawks (quivered)
Armour
 p - a cursed +0 leather armour (worn)
 q - a +0 large shield (worn)
 u - a +0 pair of gloves (worn)
 z - a +0 cloak (worn)
Jewellery
 c - an amulet of the gourmand (around neck)
 s - a ring of magical power (left hand)
 A - an uncursed amulet of magic regeneration
Wands
 t - a wand of acid (8/15)
 w - a wand of paralysis (18/24)
Scrolls
 d - a scroll of magic mapping
 h - 6 scrolls of identify
 m - 4 scrolls of amnesia
 o - 7 scrolls of teleportation
 r - a scroll of immolation {unknown}
 v - a scroll of enchant weapon
 C - 2 scrolls of remove curse
 H - a scroll of recharging {unknown}
Potions
 e - a potion of brilliance
 g - a potion of ambrosia {unknown}
 j - 2 potions of agility
 l - 2 potions of curing
 x - a potion of cure mutation
 E - a potion of heal wounds {unknown}
Comestibles
 a - 4 chunks of flesh
 b - 4 bread rations
 f - a royal jelly
 i - 6 meat rations
 k - a beef jerky
 B - a slice of pizza
 D - 3 fruits


   Skills:
 + Level 5.7 Fighting
 + Level 3.6 Polearms
 + Level 3.2 Armour
 + Level 6.7 Dodging
 + Level 3.2 Stealth
 + Level 4.8 Shields
 + Level 5.2 Unarmed Combat


You had 7 spell levels left.
You didn't know any spells.

Dungeon Overview and Level Annotations

Branches:
Dungeon (6/15)
 Temple: D:4-7

Altars:
Makhleb

Annotations:
D:6 tape's ghost, novice OgBe


Innate Abilities, Weirdness & Mutations

You reflexively headbutt those who attack you in melee.
You have a pair of horns on your head.
Scrolls take you a little longer to read.


Message History

Things that are here:
a dire flail; a scale mail; the human corpse of Edmund You butcher the human corpse of Edmund.
Items here: % ) [ รท a dire flail; a scale mail; 4 chunks of flesh; the human skeleton of Edmund
a - 4 chunks of flesh Tape's ghost hits you!!
You puncture tape's ghost! You headbutt tape's ghost.
Tape's ghost is lightly damaged.
Tape's ghost hits you!
You closely miss tape's ghost.
Tape's ghost is lightly damaged.
You block tape's ghost's attack.
A hound comes into view.
The hound barks!
You puncture tape's ghost! You headbutt tape's ghost.
Tape's ghost is moderately damaged.
Tape's ghost hits you!!!
Ouch! That really hurt!
You die...

#(..# ##.#.##).....
#...###.#..#...#### .
#!..##.###.#.#.####
..####...#.##..........#
....................#...
.............#.....)#...
........................
######.W.#######...##.##
#.@.# ###.. ... #.).####
#.# ). #......# #.# ##
#).....# #.# #......# #.
####...#.## #.......h#
#.#####..>... .. ..####


You could see a hound and tape's ghost.

Vanquished Creatures
  Eustachio (D:6)
  Edmund (D:6)
  An ice beast (D:4)
  A sky beast (D:6)
  2 centaurs
  An ogre (D:5)
  A scorpion (D:6)
  A howler monkey (D:5)
  An orc priest (D:3)
  3 orc wizards
  A howler monkey skeleton (D:5)
  4 gnolls
  6 adders
  A shadow imp (D:5)
  An ooze (D:2)
  2 adder skeletons
  An adder zombie (D:5)
  3 worms
  2 dart slugs (D:3)
  5 giant geckos
  13 orcs
  A ball python (D:1)
  2 giant cockroaches
  17 goblins
  13 hobgoblins
  3 jackals (D:5)
  2 quokkas
  6 bats
  9 giant newts
  13 kobolds
  A quokka skeleton (D:6)
  7 rats
126 creatures vanquished.

Vanquished Creatures (others)
  An orc warrior (D:5)
  An orc priest (D:5)
  A gnoll (D:4)
  A hobgoblin (D:5)
  A kobold (D:5)
  A plant (D:5)
6 creatures vanquished.

Grand Total: 132 creatures vanquished

Notes
Turn   | Place    | Note
--------------------------------------------------------------
     0 | D:1      | GFox the Minotaur Monk began the quest for the Orb.
     0 | D:1      | Reached XP level 1. HP: 19/19 MP: 0/0
   905 | D:1      | Reached XP level 2. HP: 25/27 MP: 1/1
  1313 | D:2      | Reached skill level 5 in Unarmed Combat
  1332 | D:2      | Reached XP level 3. HP: 32/33 MP: 2/2
  1885 | D:2      | Reached skill level 4 in Dodging
  2307 | D:3      | Reached XP level 4. HP: 31/40 MP: 3/3
  2515 | D:3      | Reached XP level 5. HP: 11/47 MP: 4/4
  2812 | D:3      | Reached skill level 5 in Dodging
  3330 | D:3      | Reached skill level 1 in Shields
  3738 | D:4      | Reached skill level 1 in Polearms
  4160 | D:4      | Found a burning altar of Makhleb.
  4166 | D:4      | Became a worshipper of Makhleb the Destroyer
  4166 | D:4      | Reached * piety under Makhleb
  4166 | D:4      | Reached ** piety under Makhleb
  4466 | D:4      | Noticed an ice beast
  4473 | D:4      | Killed an ice beast
  4473 | D:4      | Reached skill level 1 in Armour
  4473 | D:4      | Reached XP level 6. HP: 55/55 MP: 5/5
  4638 | D:5      | Entered Level 5 of the Dungeon
  4716 | D:5      | Reached skill level 5 in Fighting
  4734 | D:5      | Noticed an orc warrior
  5119 | D:5      | Banished an orc warrior
  5119 | D:5      | Reached XP level 7. HP: 49/61 MP: 6/6
  5802 | D:5      | Reached skill level 6 in Dodging
  5810 | D:5      | Reached *** piety under Makhleb
  5862 | D:5      | Got a brightly glowing trident
  6061 | D:5      | Identified the +12 trident of the Extremes {vamp, rF+} (You found it on level 5 of the Dungeon)
  6072 | D:5      | Gained mutation: Scrolls take you a little longer to read. [mutagenic glow]
  6238 | D:6      | Noticed Eustachio
  6258 | D:6      | Killed Eustachio
  6320 | D:6      | Reached XP level 8. HP: 69/69 MP: 7/7
  6402 | D:6      | Noticed Edmund
  6413 | D:6      | Killed Edmund
  6424 | D:6      | Noticed tape's ghost (novice OgBe)
  6431 | D:6      | Demolished by tape's ghost

Skill      XL: |  1  2  3  4  5  6  7 |
---------------+----------------------+-----
Unarmed Combat | 5 |  5.2
Fighting       | 4 5 |  5.7
Dodging        | 4 5 6 |  6.7
Shields        | 2 3 4 |  4.8
Polearms       | 1 2 3 |  3.6
Armour         | 1 3 |  3.2
Stealth        | 2 3 |  3.2

Action                   |  1- 3 |  4- 6 |  7- 9 || total
-------------------------+-------+-------+-------++-------
Melee: Unarmed           |    58 |       |       ||    58
       Headbutt          |    15 |    16 |    19 ||    50
       Punch             |     1 |       |       ||     1
       Spear             |    39 |    59 |       ||    98
       Trident           |       |    85 |   144 ||   229
  Use: Scroll            |     6 |     1 |       ||     7
       Potion            |       |     7 |       ||     7
 Stab: Sleeping          |     4 |     2 |     5 ||    11
  Eat: Chunk             |    14 |     9 |    10 ||    33
Armor: Robe              |    11 |     7 |       ||    18
       Skin              |       |    23 |       ||    23
       Leather armour    |       |    11 |    36 ||    47
Dodge: Dodged            |    47 |    52 |    43 ||   142
Block: Large shield      |    21 |    71 |   131 ||   223
